 Dungeon Crawl Stone Soup version 0.23.1 (webtiles) character file.

Game seed: 8036611756772320129

127 Borgoz the Sneak (level 5, -8/40 HPs)
             Began as a Ghoul Enchanter on Mar 5, 2019.
             Mangled by Menkaure (24 damage)
             ... on level 4 of the Dungeon.
             The game lasted 00:04:45 (3463 turns).

Borgoz the Sneak (Ghoul Enchanter)                  Turns: 3463, Time: 00:04:47

Health: -8/40      AC:  2    Str: 12    XL:     5   Next: 11%
Magic:  2/7        EV: 18    Int: 10    God:
Gold:   100        SH:  0    Dex: 17    Spells: 2/8 levels left

rFire    . . .     SeeInvis .   a - +1 dagger
rCold    + . .     Gourm    .   (no shield)
rNeg     + + +     Faith    .   b - +0 robe
rPois    ∞         Spirit   .   (no helmet)
rElec    .         Reflect  .   (no cloak)
rCorr    .         Harm     .   (no gloves)
MR       .....                  (no boots)
Stlth    ++++......             t - amulet of magic regeneration
HPRegen  0.00/turn              r - +2 ring of dexterity
MPRegen  0.35/turn              (no ring)

@: agile, very slightly contaminated, rotting
A: rotting body, claws 1, carnivore, cold resistance 1, negative energy
resistance 3, inhibited regeneration, torment resistance, unbreathing
a: no special abilities


You were on level 4 of the Dungeon.
You were not hungry.

You visited 1 branch of the dungeon, and saw 4 of its levels.

You collected 100 gold pieces.

Inventory:

Hand Weapons
 a - a +1 dagger (weapon)
Missiles
 l - 14 poisoned needles
Armour
 b - a +0 robe (worn)
Jewellery
 r - a +2 ring of dexterity (left claw)
 t - an amulet of magic regeneration (around neck)
Scrolls
 c - 4 scrolls of teleportation {unknown}
 e - 8 scrolls of identify {unknown}
 g - 4 scrolls of magic mapping {unknown}
 k - 2 scrolls of fog {unknown}
 o - a scroll of immolation {unknown}
 p - a scroll of enchant weapon {unknown}
 q - a scroll of fear {unknown}
Potions
 h - a potion of resistance {unknown}
 i - a potion of brilliance {unknown}
 j - 3 potions of haste {unknown}
 m - 2 potions of flight {unknown}
 n - a potion of heal wounds {unknown}
 s - a potion of cancellation {unknown}
 u - a potion of invisibility {unknown}
Comestibles
 d - 5 rations
 w - 2 chunks of flesh


   Skills:
 + Level 1.6 Fighting
 * Level 2.2 Short Blades
 + Level 1.0 Armour
 + Level 2.3 Dodging
 + Level 3.7 Stealth
 + Level 2.1 Spellcasting
 + Level 2.8 Hexes


You had 2 spell levels left.
You knew the following spells:

 Your Spells              Type           Power        Failure   Level  Hunger
a - Corona                Hex            #......      10%         1    ##.....
b - Ensorcelled Hibernat  Hex/Ice        #.....       26%         2    ###....
c - Confuse               Hex            #.......     28%         3    ####...

Your spell library contained the following spells:

 Spells                   Type           Power        Failure   Level  Hunger
 Tukima's Dance           Hex            #.......     28%         3    ####...
 Dazzling Spray           Conj/Hex       #.....       45%         3    ####...


Dungeon Overview and Level Annotations

Branches:
Dungeon (4/15)
 Temple: D:4-7

Altars:
Kikubaaqudgha
Yredelemnul
Zin

Annotations:
D:4 Menkaure


Innate Abilities, Weirdness & Mutations

Your body is rotting away.
You thrive on raw meat.
You are immune to poison.
You have sharp fingernails.
You are carnivorous and can eat meat at any time.
Your flesh is cold resistant. (rC+)
You are immune to negative energy. (rN+++)
You do not regenerate when monsters are visible.
You are immune to unholy pain and torment.
You can survive without breathing.


Message History

You are very lightly contaminated with residual magic.
Strange energies run through your body.
Casting: Confuse (safe; 28% risk of failure)
Confirm with . or Enter, or press ? or * to list all spells.
Aiming: Confuse (safe; 28% risk of failure)
Press: ? - help, Shift-Dir - straight line, f/p - Menkaure
Aim: Menkaure (chance to defeat MR: 37%) Menkaure resists with some effort.
Menkaure barely misses you.
Casting: Confuse (safe; 28% risk of failure)
Confirm with . or Enter, or press ? or * to list all spells.
Okay, then.
You hit Menkaure.
Menkaure is lightly damaged.
Menkaure hits you!
You feel better. Menkaure hits you!
It was a potion of agility.
You feel agile all of a sudden. Menkaure hits you!!
Ouch! That really hurt!
You die...

#........#.##
#.###....#..##......
#........#.#.##.... .
#........#.##.#..^# ..
#.._8_...#.##.#...# ...
##.._..#.##.#.#...#....
#........##..#........
#####.....##.#........
#......##.@M.!.[..
#.......##.......#
#....<...#....####
#............##
#........#.#..#
#.......##.##..#
#......##... #..#
##....## #.# #.. #...##


You could see Menkaure.

Vanquished Creatures
  Jessica (D:3)
  3 adders
  An ooze (D:2)
  2 worms
  3 dart slugs
  A leopard gecko (D:3)
  An orc (D:3)
  8 bats
  4 giant cockroaches
  4 goblins
  6 hobgoblins
  2 jackals (D:1)
  5 frilled lizards
  A jackal skeleton (D:4)
  5 kobolds
  A leopard gecko zombie (D:2)
  13 rats
61 creatures vanquished.

Notes
Turn   | Place    | Note
-------+----------+-------------------------------------------
     0 | D:1      | Borgoz the Ghoul Enchanter began the quest for the Orb.
     0 | D:1      | Reached XP level 1. HP: 14/14 MP: 2/2
    39 | D:1      | Reached skill level 1 in Short Blades
   169 | D:1      | Reached XP level 2. HP: 14/22 MP: 3/3
   173 | D:1      | Learned a level 2 spell: Ensorcelled Hibernation
   960 | D:2      | Reached XP level 3. HP: 25/27 MP: 4/4
  1769 | D:2      | Reached skill level 1 in Fighting
  2424 | D:2      | Reached XP level 4. HP: 14/35 MP: 1/6
  2478 | D:2      | Learned a level 3 spell: Confuse
  3268 | D:3      | Noticed Jessica
  3274 | D:3      | Killed Jessica
  3274 | D:3      | Reached skill level 1 in Armour
  3274 | D:3      | Reached XP level 5. HP: 40/40 MP: 2/7
  3321 | D:3      | Found a faded altar of an unknown god.
  3386 | D:4      | Noticed an ogre
  3429 | D:4      | Found an ancient bone altar of Kikubaaqudgha.
  3429 | D:4      | Found a basalt altar of Yredelemnul.
  3429 | D:4      | Found a glowing silver altar of Zin.
  3456 | D:4      | Noticed Menkaure
  3463 | D:4      | Mangled by Menkaure

Skill      XL: |  1  2  3  4 |
---------------+-------------+-----
Short Blades   | 1 2 |  2.2
Dodging        | 2 |  2.3
Fighting       | 1 |  1.6
Spellcasting   | 2 |  2.1
Armour         | 1 |  1.0
Stealth        | |  3.7
Hexes          | |  2.8

Action                   |  1- 3 |  4- 6 || total
-------------------------+-------+-------++-------
Melee: Dagger            |   167 |    76 ||   243
 Cast: Ensorcelled Hiber |     5 |     8 ||    13
       Corona            |     1 |       ||     1
       Confuse           |       |     1 ||     1
  Use: Potion            |       |     2 ||     2
 Stab: Sleeping          |    12 |     7 ||    19
  Eat: Chunk             |     7 |     6 ||    13
Armor: Robe              |    36 |     5 ||    41
Dodge: Dodged            |    96 |    45 ||   141
